 Dungeon Crawl Stone Soup version 0.23.1 (webtiles) character file.

Game seed: 338343503037617346

1794 kae the Arsonist (level 9, 0/51 HPs)
             Began as a Tengu Fire Elementalist on Mar 17, 2019.
             Was an Initiate of Vehumet.
             Slain by a wight
             ... wielding a +4 dire flail of freezing
              (2 damage)
             ... on level 6 of the Dungeon.
             The game lasted 00:11:28 (9577 turns).

kae the Arsonist (Tengu Fire Elementalist)          Turns: 9577, Time: 00:11:29

Health: 0/51       AC:  3    Str:  9    XL:     9   Next: 9%
Magic:  2/17       EV: 12    Int: 19    God:    Vehumet [......]
Gold:   299        SH:  0    Dex: 14    Spells: 3/18 levels left

rFire    + + .     SeeInvis .   u - +10 mace of Uskayaw's Wrath {protect, rF+ MR+}
rCold    . . .     Gourm    .   (no shield)
rNeg     . . .     Faith    .   a - +1 robe
rPois    .         Spirit   .   (helmet restricted)
rElec    .         Reflect  .   (no cloak)
rCorr    .         Harm     .   (no gloves)
MR       +....                  (boots unavailable)
Stlth    ++........             (no amulet)
HPRegen  0.17/turn              h - ring of protection from fire
MPRegen  0.15/turn              x - ring of wizardry

@: lightly drained
A: beak, talons 3, able to fly
a: Fly, Renounce Religion


You were on level 6 of the Dungeon.
You worshipped Vehumet.
Vehumet was noncommittal.
You were hungry.

You visited 2 branches of the dungeon, and saw 8 of its levels.

You collected 299 gold pieces.

Inventory:

Hand Weapons
 n - a +1 mace
 u - the +10 mace of Uskayaw's Wrath (weapon) {protect, rF+ MR+}
   (You found it on level 6 of the Dungeon)

   It protects the one who uses it against injury (+AC on strike).
   It protects you from fire.
   It affects your resistance to hostile enchantments.
Armour
 a - a +1 robe (worn)
Magical Staves
 y - an uncursed staff of summoning
Jewellery
 h - a ring of protection from fire (left hand)
 i - an uncursed amulet of rage
 j - an uncursed ring of resist corrosion
 x - a ring of wizardry (right hand)
Wands
 f - a wand of random effects (13)
 q - a wand of polymorph (8)
 s - a wand of iceblast (10)
Scrolls
 e - a scroll of remove curse
 g - 3 scrolls of enchant armour
 o - a scroll of fog
 p - 4 scrolls of teleportation
 v - a scroll of enchant weapon
Potions
 b - a potion of agility
 k - a potion of ambrosia
 l - 3 potions of cancellation
 m - 3 potions of degeneration {unknown}
 r - a potion of haste
 t - 3 potions of heal wounds {unknown}
 z - a potion of flight {unknown}
Comestibles
 c - 9 rations


   Skills:
 + Level 3.2(2.9) Fighting
 + Level 1.7(1.4) Maces & Flails
 - Level 2.1(1.8) Dodging
 - Level 2.0(1.6) Stealth
 + Level 5.2(4.8) Spellcasting
 + Level 7.0(6.6) Conjurations
 * Level 9.0(8.6) Fire Magic


You had 3 spell levels left.
You knew the following spells:

 Your Spells              Type           Power        Failure   Level  Hunger
a - Flame Tongue          Conj/Fire      ####.        1%          1    None
b - Throw Flame           Conj/Fire      ####..       1%          2    #......
c - Conjure Flame         Conj/Fire      ####....     1%          3    ##.....
d - Sticky Flame          Conj/Fire      ####....     2%          4    ####...
e - Fireball              Conj/Fire      ####......   6%          5    ######.

Your spell library contained the following spells:

 Spells                   Type           Power        Failure   Level  Hunger
 Inner Flame              Hex/Fire       ###.....     2%          3    ##.....


Dungeon Overview and Level Annotations

Branches:
Dungeon (7/15)             Temple (1/1) D:4

Altars:
Ashenzari
Cheibriados
Dithmenos
Elyvilon
Fedhas
Gozag
Hepliaklqana
Kikubaaqudgha
Okawaru
Qazlal
Ru
Sif Muna
Uskayaw
Vehumet
Wu Jian
Yredelemnul
Zin
The Shining One

Shops:
D:4 (

Annotations:
D:2 1 runed translucent door, Crazy Yiuf
D:4 3 runed translucent doors, DungeonDestroyer's ghost, amateur MiBe


Innate Abilities, Weirdness & Mutations

You have a beak for a mouth.
You have claws for feet.
You can fly continuously.


Message History

* * * LOW HITPOINT WARNING * * *
The wight freezes you.
* * * LOW HITPOINT WARNING * * *
Casting: Flame Tongue (safe; 1% risk of failure)
Confirm with . or Enter, or press ? or * to list all spells.
You don't have enough magic to cast that spell.
Casting: Flame Tongue (safe; 1% risk of failure)
Confirm with . or Enter, or press ? or * to list all spells.
You don't have enough magic to cast that spell.
Casting: Flame Tongue (safe; 1% risk of failure)
Confirm with . or Enter, or press ? or * to list all spells.
Aiming: Flame Tongue (safe; 1% risk of failure)
Press: ? - help, Shift-Dir - straight line, f/p - wight
Aim: a wight, wielding a +4 dire flail of freezing and wearing a +0 robe (severely damaged)
The flame tongue hits the wight.
The wight is severely damaged.
The wight hits you with a +4 dire flail of freezing!
* * * LOW HITPOINT WARNING * * *
The wight freezes you.
You die...

### #.# #.#..######.# ###
##.####.# #.#...##.##.# #.# #
...#....###...#####...#
#.#### ##...###..#..## ##.##
###.#.< ##....###...##
##.#####..##.# #.......##..##
#.......###.. #............#
###....).## ##.
.....#.......######........#
##
.##..###........@z..>..>...##
# .###.#
##......######..##...## #
####.## #.....## ##..##...# #
# #..[####)...## #....##..##
# ###....##......#
##.........###
.##.......####.##
#.........(... .......#.##
#..####........###..
#.........##
##...#..#......###..
##.....#...##
#............###...


You could see a wight.

Vanquished Creatures
  An ice beast (D:6)
  2 sky beasts (D:6)
  2 ogres
  2 centaurs
  4 bullfrogs
  A hound (D:5)
  6 orc priests
  A jelly (D:5)
  5 orc wizards
  A centaur skeleton (D:4)
  Terence (D:3)
  An iguana (D:6)
  Natasha (thrice) (D:3)
  3 worker ants
  Robin (D:4)
  5 gnolls
  10 adders
  4 shadow imps
  2 oozes
  An adder zombie (D:6)
  2 dart slugs
  2 worms (D:3)
  6 leopard geckos
  22 orcs
  4 giant cockroaches
  7 hobgoblins
  7 kobolds
  2 quokkas (D:4)
  A ball python (D:1)
  8 bats
  4 frilled lizards
  17 goblins
  2 leopard gecko zombies
  11 rats
151 creatures vanquished.

Vanquished Creatures (others)
  A quokka (D:6)
1 creature vanquished.

Grand Total: 152 creatures vanquished

Notes
Turn   | Place    | Note
-------+----------+-------------------------------------------
     0 | D:1      | kae the Tengu Fire Elementalist began the quest for the
                  | Orb.
     0 | D:1      | Reached XP level 1. HP: 10/10 MP: 4/4
   166 | D:1      | Reached XP level 2. HP: 14/15 MP: 6/6
   557 | D:1      | Reached skill level 4 in Fire Magic
   557 | D:1      | Reached XP level 3. HP: 19/19 MP: 4/7
   709 | D:2      | Found an opulent altar of Gozag.
  1633 | D:2      | Reached XP level 4. HP: 21/24 MP: 3/8
  1703 | D:2      | Found a hazy altar of Hepliaklqana.
  2001 | D:2      | Found a runed translucent door.
  2002 | D:2      | Noticed Crazy Yiuf
  2406 | D:2      | Learned a level 2 spell: Throw Flame
  2410 | D:2      | Learned a level 3 spell: Conjure Flame
  2959 | D:3      | Noticed Natasha
  3112 | D:2      | Reached skill level 5 in Fire Magic
  3112 | D:2      | Gained mutation: You can fly continuously. [Tengu growth]
  3112 | D:2      | Reached XP level 5. HP: 27/28 MP: 3/10
  3448 | D:2      | Reached XP level 6. HP: 18/32 MP: 11/11
  3887 | D:3      | Noticed Terence
  4229 | D:3      | Killed Natasha
  4229 | D:3      | Reached skill level 6 in Fire Magic
  4339 | D:3      | Noticed Natasha
  4343 | D:3      | Killed Natasha
  4608 | D:3      | Noticed Natasha
  4613 | D:3      | Killed Natasha
  4866 | D:3      | Killed Terence
  4866 | D:3      | Reached XP level 7. HP: 32/36 MP: 5/13
  5075 | D:3      | Found a hide-covered altar of Uskayaw.
  5356 | D:4      | Reached skill level 5 in Conjurations
  5406 | D:4      | Found Ijuodoo's Antique Weapon Shoppe.
  5601 | D:4      | Found a sacrificial altar of Ru.
  5602 | D:4      | Found an iron altar of Okawaru.
  5606 | D:4      | Found a snail-covered altar of Cheibriados.
  5607 | D:4      | Found a shattered altar of Ashenzari.
  5668 | D:4      | Found an opulent altar of Gozag.
  5780 | D:4      | Noticed Robin
  5792 | D:4      | Killed Robin
  5921 | D:4      | Reached skill level 7 in Fire Magic
  5980 | D:4      | Found a runed translucent gate.
  5981 | D:4      | Found a runed translucent gate.
  5981 | D:4      | Found a runed translucent gate.
  5982 | D:4      | Noticed DungeonDestroyer's ghost (amateur MiBe)
  5989 | D:4      | Found a staircase to the Ecumenical Temple.
  6158 | Temple   | Entered the Ecumenical Temple
  6215 | Temple   | Became a worshipper of Vehumet
  6282 | D:5      | Entered Level 5 of the Dungeon
  6341 | D:5      | Found a sacrificial altar of Ru.
  6867 | D:5      | Reached skill level 1 in Fighting
  6906 | D:5      | Reached XP level 8. HP: 28/43 MP: 11/15
  7548 | D:5      | Learned a level 4 spell: Sticky Flame
  7554 | D:5      | Learned a level 5 spell: Fireball
  7759 | D:6      | Reached skill level 8 in Fire Magic
  8031 | D:6      | Found a basalt altar of Yredelemnul.
  8078 | D:6      | Found a white marble altar of Elyvilon.
  8296 | D:6      | Got a pitted mace
  8297 | D:6      | Identified the +10 mace of Uskayaw's Wrath {protect, rF+
                  | MR+} (You found it on level 6 of the Dungeon)
  8379 | D:6      | Reached skill level 5 in Spellcasting
  8466 | D:6      | Reached skill level 1 in Maces & Flails
  9078 | D:6      | Reached XP level 9. HP: 50/50 MP: 12/17
  9573 | D:6      | Reached skill level 9 in Fire Magic
  9577 | D:6      | HP: 2/51 [wight/+4 dire flail of freezing (12)]
  9577 | D:6      | Slain by a wight

Skill      XL: |  1  2  3  4  5  6  7  8  9 |
---------------+----------------------------+-----
Conjurations   | 2 3 4 5 6 7 |  7.0
Fire Magic     | 4 5 6 7 8 9 |  9.0
Spellcasting   | 3 4 5 |  5.2
Fighting       | 1 3 |  3.2
Maces & Flails | 1 |  1.7
Dodging        | |  2.1
Stealth        | |  2.0

Action                   |  1- 3 |  4- 6 |  7- 9 || total
-------------------------+-------+-------+-------++-------
Melee: Unarmed           |    23 |     4 |       ||    27
       Kick              |     6 |     4 |     8 ||    18
       Peck              |     3 |       |     1 ||     4
       Mace              |       |    42 |    20 ||    62
       Staff             |       |       |     3 ||     3
 Cast: Flame Tongue      |    48 |    93 |   151 ||   292
       Throw Flame       |       |     6 |    23 ||    29
       Conjure Flame     |       |     3 |     4 ||     7
       Sticky Flame      |       |       |     4 ||     4
  Use: Scroll            |     3 |     5 |     9 ||    17
       Potion            |       |     4 |     2 ||     6
 Stab: Sleeping          |     4 |     1 |     2 ||     7
  Eat: Ration            |     1 |     1 |     1 ||     3
       Chunk             |       |     6 |    12 ||    18
Armor: Robe              |    16 |    19 |    20 ||    55
       Skin              |       |    53 |       ||    53
Dodge: Dodged            |    27 |    47 |    52 ||   126
